 Dungeon Crawl Stone Soup version 0.31.0-12-g77e489cdc1 (webtiles) character file.

Game seed: 1486775568795146770

575 nightchill the Ruffian (level 7, -4/67 HPs)
             Began as a Troll Shapeshifter on Feb 21, 2024.
             Was a Believer of Uskayaw.
             Slain by a gnoll
             ... wielding a +0 spear of venom
             ... led by a gnoll bouda
              (6 damage)
             ... on level 4 of the Dungeon.
             The game lasted 00:04:41 (2561 turns).

nightchill the Ruffian (Troll Shapeshifter)         Turns: 2561, Time: 00:04:42

Health: -4/67      AC:  4    Str: 25    XL:     7   Next: 12%
Magic:  0/6        EV:  8    Int:  6    God:    Uskayaw [**....]
Gold:   257        SH:  6    Dex:  9    Spells: 6/6 levels left

rFire   . .          .
                       - Unarmed
rCold   . . .        h - +0 kite shield
rNeg    . . .        a - +0 animal skin
rPois   .            (helmet currently unavailable)
rElec   .            (cloak currently unavailable)
rCorr   .            (gloves unavailable)
SInv    +            (boots unavailable)
Will    +....        m - amulet of guardian spirit
Stlth   +            g - ring of see invisible
HPRegen 1.11/turn    (no ring)
MPRegen 0.10/turn

%: guardian spirit
@: lethally poisoned (-4 -> -7), beast-form, weakened, enlightened, flying
A: beast (slay +2), large, unfitting armour, claws 3, regeneration 1, shaggy fur
1, tough skin 1
a: Begin Untransformation, Renounce Religion, Stomp, Line Pass


You were on level 4 of the Dungeon.
You worshipped Uskayaw.
Uskayaw was noncommittal.
You were a hulking beast.
You visited 2 branches of the dungeon, and saw 5 of its levels.

You collected 257 gold pieces.

Inventory:

Missiles
 k - 2 curare-tipped darts (quivered)
 v - 2 throwing nets
Armour
 a - a +0 animal skin (worn)
 h - a +0 kite shield (worn)
Jewellery
 g - a ring of see invisible (left claw)
 m - an amulet of guardian spirit (around neck)
Talismans
 c - a beast talisman (active)
 d - a flux talisman
Wands
 i - a wand of roots (9)
 w - a wand of digging (3)
 x - a wand of flame (14)
 B - a wand of mindburst (4)
Scrolls
 f - a scroll of torment {unknown}
 j - a scroll of acquirement {unknown}
 o - a scroll of teleportation {unknown}
 q - a scroll of enchant armour {unknown}
 r - 3 scrolls of identify
 s - a scroll of blinking {unknown}
 t - a scroll of poison {unknown}
 y - 3 scrolls of noise {unknown}
 A - a scroll of enchant weapon {unknown}
Potions
 b - 2 potions of lignification
 e - a potion of brilliance {unknown}
 l - 3 potions of might
 n - 3 potions of curing {unknown}
 p - a potion of haste {unknown}
 u - a potion of enlightenment
 z - a potion of mutation {unknown}
 C - a potion of ambrosia {unknown}


   Skills:
 + Level 3.1 Fighting
 - Level 1.5 Dodging
 * Level 6.2 Unarmed Combat
 + Level 4.5 Shapeshifting


You had 6 spell levels left.
You didn't know any spells.
Your spell library contained the following spells:

 Spells                   Type           Power      Damage    Failure   Level
 Sting                    Conj/Alch      0%         1d3       75%         1
 Mercury Vapours          Alch/Air       0%         N/A       87%         2
 Call Canine Familiar     Summ           0%         N/A       98%         3
 Sigil of Binding         Hex            0%         N/A       98%         3
 Dimensional Bullseye     Hex/Tloc       0%         N/A       100%        4
 Olgreb's Toxic Radiance  Alch           0%         N/A       100%        4


Dungeon Overview and Level Annotations

Branches:
Dungeon (4/15)             Temple (1/1) D:4

Altars:
Ashenzari
Cheibriados
Dithmenos
Elyvilon
Gozag
Nemelex Xobeh
Qazlal
Ru
Sif Muna
Uskayaw
Vehumet
Wu Jian
Xom
Yredelemnul
Zin
The Shining One


Innate Abilities, Weirdness & Mutations

You are a hulking beast.
Your limbs bulge with bestial killing power. (Slay +2)
You are too large for most types of armour.
You have claws for hands.
Your natural rate of healing is unusually fast.
You are covered in fur. (AC +1)
You have tough skin. (AC +1)


Message History

The gnoll completely misses you.
You claw the gnoll bouda!
The gnoll bouda is severely wounded.
You feel sick.
The gnoll hits you from afar with a +0 spear of venom!
* * * LOW HITPOINT WARNING * * *
You are more poisoned.
The gnoll bouda gazes fiercely through you!
You feel your attacks grow feeble.
The gnoll bouda hits you with a +0 whip.
* * * LOW HITPOINT WARNING * * *
You can now pass through a line of other dancers.
You scratch the gnoll bouda.
The gnoll bouda is almost dead.
You feel very sick.
The gnoll bouda gazes fiercely through you!
You feel as though you will be weak longer.
The gnoll bouda barely misses you. The gnoll completely misses you.
You claw the gnoll bouda!
You kill the gnoll bouda!
You feel sick.
The gnoll hits you from afar with a +0 spear of venom.
You are more poisoned.
* * * LOW HITPOINT WARNING * * *
You feel very sick. The gnoll attacks as it pursues you!
You block the gnoll's attack.
As you read the scroll labelled ZIAPINN MEURISUZ, it crumbles to dust.
It is a scroll of identify.
l - 3 potions of might
* * * LOW HITPOINT WARNING * * *
You feel very sick.
The gnoll hits you from afar with a +0 spear of venom.
* * * LOW HITPOINT WARNING * * *
It was a potion of enlightenment.
You feel very buoyant.
You fly up into the air.
* * * LOW HITPOINT WARNING * * *
You feel very sick.
The gnoll hits you from afar with a +0 spear of venom!
You die...

#### #... #.## #.# #.#
############.##
###########..............
...gggg.h................
#.#########.......###....
####.#####..... #.#
#....# #.# #..... #.#
#.>... #.# #.#..# #.#
#.#..# ..# #.#..#


You could see 4 gnolls.

Vanquished Creatures
  Grinder (D:3)
  An ogre (D:4)
  A jelly (D:4)
  A gnoll bouda (D:4)
  An orc wizard (D:4)
  Ijyb (D:3)
  Robin (D:4)
  6 gnolls (D:2)
  3 adders
  2 ribbon worms (D:2)
  8 orcs
  3 endoplasms
  A giant cockroach (D:2)
  7 goblins
  13 hobgoblins
  3 kobolds
  6 quokkas
  8 ball pythons
  4 frilled lizards
  2 rats (D:1)
73 creatures vanquished.

Notes
Turn   | Place    | Note
-------+----------+-------------------------------------------
     0 | D:1      | nightchill the Troll Shapeshifter began the quest for the
                  | Orb.
     0 | D:1      | Reached XP level 1. HP: 18/18 MP: 0/0
   295 | D:1      | Reached skill level 1 in Fighting
   389 | D:1      | Reached XP level 2. HP: 27/27 MP: 1/1
   874 | D:2      | Reached XP level 3. HP: 26/33 MP: 2/2
  1097 | D:2      | Reached skill level 4 in Unarmed Combat
  1154 | D:2      | You fall into a shaft and drop 1 floor!
  1230 | D:3      | Reached XP level 4. HP: 41/41 MP: 3/3
  1559 | D:3      | Noticed Ijyb
  1567 | D:3      | Killed Ijyb
  1602 | D:3      | Noticed Grinder
  1607 | D:3      | Killed Grinder
  1608 | D:3      | Reached skill level 5 in Unarmed Combat
  1608 | D:3      | Reached XP level 5. HP: 29/50 MP: 2/4
  1608 | D:3      | Reached XP level 6. HP: 34/59 MP: 2/5
  2100 | D:2      | Found a faded altar of an unknown god.
  2206 | D:4      | Noticed Robin
  2243 | D:4      | Killed Robin
  2287 | D:4      | Found a staircase to the Ecumenical Temple.
  2298 | Temple   | Entered the Ecumenical Temple
  2320 | Temple   | Became a worshipper of Uskayaw the Reveller
  2366 | D:4      | Reached * piety under Uskayaw
  2368 | D:4      | Reached skill level 6 in Unarmed Combat
  2446 | D:4      | Reached XP level 7. HP: 67/67 MP: 6/6
  2450 | D:4      | Reached ** piety under Uskayaw
  2453 | D:4      | Reached *** piety under Uskayaw
  2561 | D:4      | HP: 2/67 [poisoned by a gnoll]
  2561 | D:4      | Slain by a gnoll

Illustrated notes

Levels and vault maps discovered:
D:1:      grunt_arrival_crossed_arrows, layout_basic, minmay_misc_feat_chi
D:2:      layout_loops_ring, dilly_ecumenical_altar_fadedgnrine
D:3:      layout_loops_cross, uniq_ijyb, uniq_grinder
D:4:      layout_basic, minmay_temple_entry_glass, serial_shops,
          nicolae_diamond_shop, uniq_robin
Temple:   regret_index_temple_sphere_string

Skill      XL: |  1  2  3  4  5  6 |
---------------+-------------------+-----
Fighting       | 1 2 3 |  3.1
Unarmed Combat | 4 5 6 |  6.2
Shapeshifting  | 4 |  4.5
Dodging        | |  1.5

Action                     |  1- 3 |  4- 6 |  7- 9 || total
---------------------------+-------+-------+-------++-------
  Melee: Unarmed           |    62 |    86 |    19 ||   167
    Use: Scroll            |       |       |     1 ||     1
         Potion            |       |       |     1 ||     1
   Stab: Sleeping          |     1 |       |       ||     1
         Paralysed         |       |       |     1 ||     1
 Armour: Animal skin       |    33 |    47 |    16 ||    96
  Dodge: Dodged            |    14 |    20 |     5 ||    39
  Block: Kite shield       |     9 |    15 |     5 ||    29
   Form: Beast             |     1 |       |       ||     1
